 Dungeon Crawl Stone Soup version 0.31-a0-627-gd65175cf8b (webtiles) character file.

Game seed: 13982489372203467673

41 CrazyBamboolord the Changeling (level 3, -6/26 HPs)
             Began as a Merfolk Shapeshifter on Aug 25, 2023.
             Mangled by a worm (7 damage)
             ... on level 3 of the Dungeon.
             The game lasted 00:01:13 (1504 turns).

CrazyBamboolord the Changeling (MfSh)               Turns: 1504, Time: 00:01:15

Health: -6/26      AC:  3    Str: 17    XL:     3   Next: 52%
Magic:  3/3        EV: 12    Int:  7    God:
Gold:   83         SH:  0    Dex: 14    Spells: 2/2 levels left

rFire   . .          .
                       - Unarmed
rCold   . . .        (no shield)
rNeg    . . .        h - +0 leather armour
rPois   .            (helmet currently unavailable)
rElec   .            (cloak currently unavailable)
rCorr   .            (gloves currently unavailable)
SInv    .            (boots currently unavailable)
Will    .....        (no amulet)
Stlth   +            (no ring)
HPRegen 0.24/turn    (no ring)
MPRegen 0.08/turn

%: no passive effects
@: mighty, beast-form
A: beast (slay +3), (nimble swimmer 2), mertail
a: Begin Untransformation


You were on level 3 of the Dungeon.
You were a hulking beast.
You visited 1 branch of the dungeon, and saw 3 of its levels.

You collected 188 gold pieces.
You spent 105 gold pieces at shops.

Inventory:

Armour
 h - a +0 leather armour (worn)
Talismans
 c - a beast talisman (active)
 d - a flux talisman
Scrolls
 a - a scroll of poison {unknown}
 e - 3 scrolls of blinking
 f - 4 scrolls of identify {unknown}
 i - a scroll of teleportation
 j - a scroll of noise {unknown}
 k - 2 scrolls of revelation {unknown}
Potions
 b - 4 potions of lignification
 g - a potion of cancellation


   Skills:
 - Level 1.1 Fighting
 - Level 2.6 Dodging
 - Level 3.2 Unarmed Combat
 + Level 5.6 Shapeshifting


You had 2 spell levels left.
You didn't know any spells.
Your spell library contained the following spells:

 Spells                   Type           Power      Damage    Failure   Level
 Sandblast                Erth           0%         2d4       50%         1
 Passwall                 Tmut/Erth      0%         N/A       65%         2
 Stone Arrow              Conj/Erth      0%         3d7       86%         3
 Cause Fear               Hex            0%         N/A       99%         4
 Fireball                 Conj/Fire      0%         3d3       100%        5
 Dragon's Call            Summ           0%         N/A       100%        9


Dungeon Overview and Level Annotations

Branches:
Dungeon (3/15)

Altars:
Okawaru

Shops:
D:2 ?


Innate Abilities, Weirdness & Mutations

You are a hulking beast.
Your limbs bulge with bestial killing power. (Slay +3)
((You are very nimble when in or above water. (Stealth+, EV+, Speed+++)))
Your lower body shifts to a powerful aquatic tail in water.


Message History

You closely miss the adder. The adder barely misses you. The worm bites you.
Unknown command.
You hit the adder.
The adder is moderately wounded.
The adder barely misses you.
Unknown command.
You hit the adder.
The adder is heavily wounded.
The adder barely misses you. The hobgoblin barely misses you.
The worm bites you. The adder bites you.
Unknown command.
You hit the adder.
The adder is severely wounded.
The hobgoblin hits you. The adder bites you.
You are poisoned.
The adder poisons you!
Unknown command.
You are too injured to fight recklessly!
Unknown command.
You hit the adder.
You kill the adder!
You feel sick. The hobgoblin hits you.
* * * LOW HITPOINT WARNING * * *
The worm bites you.
* * * LOW HITPOINT WARNING * * *
* * * LOW HITPOINT WARNING * * *
You feel sick. The hobgoblin misses you. The worm barely misses you.
Unknown command.
It was a potion of cancellation.
You feel magically purged.
* * * LOW HITPOINT WARNING * * *
You feel sick.
The hobgoblin hits you but does no damage.
Unknown command.
It was a potion of might.
You feel very mighty all of a sudden.
* * * LOW HITPOINT WARNING * * *
You feel sick.
You are no longer poisoned.
The hobgoblin barely misses you. The worm bites you!
You die...

.# .# .#
.# ##.##
##...##
#.....##+#
#..g....$.
#wh...####
##...##
#####


You could see a worm and a hobgoblin.

Vanquished Creatures
  An adder (D:3)
  A dart slug (D:2)
  A ball python (D:2)
  4 endoplasms (D:1)
  2 giant cockroaches
  3 hobgoblins (D:1)
  6 kobolds
  A quokka (D:1)
  A bat (D:1)
  2 frilled lizards
  3 goblins
  3 rats
28 creatures vanquished.

Notes
Turn   | Place    | Note
-------+----------+-------------------------------------------
     0 | D:1      | CrazyBamboolord the Merfolk Shapeshifter began the quest
                  | for the Orb.
     0 | D:1      | Reached XP level 1. HP: 15/15 MP: 1/1
   140 | D:1      | Reached XP level 2. HP: 21/21 MP: 2/2
   477 | D:1      | Reached skill level 5 in Shapeshifting
   811 | D:2      | Reached XP level 3. HP: 21/26 MP: 3/3
   868 | D:2      | Found Ynnaef's Magic Scroll Emporium.
   877 | D:2      | Bought a scroll of teleportation for 30 gold pieces
   877 | D:2      | Bought a scroll of blinking for 75 gold pieces
   913 | D:2      | Found an iron altar of Okawaru.
   947 | D:2      | Identified the +2 dagger "Wavogor" {pain, Fragile Fly rF+
                  | Int+6}
  1014 | D:2      | Found a faded altar of an unknown god.
  1504 | D:3      | HP: 1/26 [poisoned by an adder]
  1504 | D:3      | Mangled by a worm

Illustrated notes

Levels and vault maps discovered:
D:1:      dpeg_arrival_pits, layout_basic
D:2:      layout_loops_ring, chequers_ecumenical_altar_simple_redux,
          basic_altar, serial_shops, shop, minivault_26
D:3:      minmay_octagon_keep, layout_loops_ring,
          nicolae_uskayaw_murder_on_the_dancefloor, kennysheep_pointless_box

Skill      XL: |  1  2 |
---------------+-------+-----
Shapeshifting  | 5 |  5.6
Fighting       | |  1.1
Dodging        | |  2.6
Unarmed Combat | |  3.2

Action                     || total
---------------------------++-------
  Melee: Unarmed           ||    61
    Use: Potion            ||     2
 Armour: Leather armour    ||    10
         Animal skin       ||     1
  Dodge: Dodged            ||    37

Table legend: (Time is in decaauts)
 A = Elapsed time spent in this place.
 B = Non-inter-level travel time spent in this place.
 C = Inter-level travel time spent in this place.
 D = Time resting spent in this place.
 E = Time spent auto-exploring this place.
 F = Levels seen in this place.
 G = Mean time per level.
                   A        B        C        D        E       F      G
               +--------+--------+--------+--------+--------+-----+--------+
         Total |   1497 |   1461 |     36 |      0 |   1267 |   3 |  499.0 |
       Dungeon |   1497 |   1461 |     36 |      0 |   1267 |   3 |  499.0 |
               +--------+--------+--------+--------+--------+-----+--------+

Top non-repeatable levels by time:
     D:1: 754 daAuts
     D:2: 734 daAuts
     D:3: 8 daAuts
